 Dungeon Crawl Stone Soup version 0.16-a0-4112-g89a4107 (webtiles) character file.

110 Malachi the Ruffian (level 4, 0/36 HPs)
             Began as a Centaur Transmuter on Feb 27, 2015.
             Slain by Sigmund
             ... wielding a +0 scythe
              (14 damage)
             ... on level 3 of the Dungeon.
             The game lasted 00:05:40 (2307 turns).

Malachi the Ruffian (Centaur Transmuter)            Turns: 2307, Time: 00:05:40

Health: 0/36       AC:  5    Str: 13    XL:     4   Next: 61%
Magic:  0/6        EV: 10    Int: 13    God:
Gold:   100        SH:  0    Dex:  9    Spells: 2 memorised, 4 levels left

rFire  . . .     SeeInvis .       - Unarmed
rCold  . . .     Clarity  .     c - +0 robe
rNeg   . . .     SustAb   .     (no shield)
rPois  .         Gourm    .     (helmet restricted)
rElec  .         Spirit   .     (no cloak)
rCorr  .         Warding  .     h - +0 pair of gloves
rMut   .         Stasis   .     (no barding)
MR     .....                    (no amulet)
Stlth  +.........               (no ring)
                                (no ring)

@: appendage, very quick, not resistant to hostile enchantments, very unstealthy
A: hooves 3, horns 2, deformed body, speed 2, tough skin 3
a: End Transformation


You were on level 3 of the Dungeon.
You were not hungry.
You had grown temporary horns.
You visited 1 branch of the dungeon, and saw 3 of its levels.

You collected 100 gold pieces.

Inventory:

Missiles
 b - 9 arrows
 j - 26 bolts
 r - 17 poisoned needles
Armour
 c - a +0 robe (worn)
 h - a +0 pair of gloves (worn)
 s - a +0 helmet
Magical devices
 q - a wand of enslavement (21)
Scrolls
 e - 4 scrolls of amnesia
 f - 5 scrolls of identify
 l - 2 scrolls of teleportation
Potions
 g - a potion of curing
 p - a potion of ambrosia {unknown}
Books
 d - a book of Changes

   Spells                             Type                      Level
   a - Beastly Appendage              Transmutation                1
   b - Sticks to Snakes               Transmutation                2
   c - Spider Form                    Transmutation/Poison         3
   d - Ice Form                       Ice/Transmutation            4
   e - Blade Hands                    Transmutation                5
Comestibles
 a - 6 bread rations
 i - 10 fruits
 k - 2 meat rations


   Skills:
 + Level 2.0 Fighting
 + Level 2.3 Dodging
 + Level 0.1 Stealth
 + Level 3.6 Unarmed Combat
 + Level 2.1 Spellcasting
 + Level 2.1 Transmutations


You had 4 spell levels left.
You knew the following spells:

 Your Spells              Type           Power        Failure   Level  Hunger
a - Beastly Appendage     Trmt           #.....       12%         1    ##.....
b - Sticks to Snakes      Trmt           #.........   17%         2    ###....


Dungeon Overview and Level Annotations

Branches:
Dungeon (3/15)

Altars:

Annotations:
D:3 Sigmund


Innate Abilities, Weirdness & Mutations

You have hooves in place of feet.
Armour fits poorly on your strangely shaped body.
You cover ground very quickly.
You have extremely tough skin (AC +3).
You have a pair of horns on your head.


Message History

Your ball python bites something but does no damage.
Your ball python constricts something.
Your ball python bites something but does no damage.
You hit something but do no damage. Your kick misses something.
Your ball python bites something.
Your ball python constricts something.
Something hits your ball python.
Your ball python dies!
Your ball python barely misses something.
Casting: Sticks to Snakes
Confirm with . or Enter, or press ? or * to list all spells.
You grow a pair of large bovine horns.
Your ball python closely misses something.
Your ball python bites something but does no damage.
Something hits you!
Your ball python barely misses something.
You closely miss something. You headbutt something.
Your ball python bites something.
Your ball python barely misses something. x2
You barely miss something. Something hits you!
You die...

.##.##....... ..#.#
.#### .###### #.#.# ..
.# #.#.# ## .# #.#.#
.# #######.#.######.#
#. #..............@.#
#.###.#####...#####..#
#.##.....####{.#.#
#...........SS@..#
####...........#.#
#######..####... #.###
#.### ## #.. ###


You could see 2 friendly ball pythons.

Vanquished Creatures
  Robin (D:3)
  An adder (D:3)
  A giant mite (D:1)
  2 worms (D:2)
  3 giant geckos
  An ooze (D:2)
  4 bats
  5 giant cockroaches
  11 hobgoblins
  2 jackals (D:1)
  A quokka (D:3)
  A ball python (D:2)
  5 giant newts
  12 goblins
  8 kobolds
  6 rats
64 creatures vanquished.

Notes
Turn   | Place    | Note
--------------------------------------------------------------
     0 | D:1      | Malachi, the Centaur Transmuter, began the quest for the Orb.
     0 | D:1      | Reached XP level 1. HP: 16/16 MP: 2/2
   334 | D:1      | Reached XP level 2. HP: 23/23 MP: 1/3
   369 | D:1      | Learned a level 2 spell: Sticks to Snakes
   506 | D:1      | You fall through a shaft!
   625 | D:2      | Reached XP level 3. HP: 17/28 MP: 5/5
  1823 | D:3      | Reached XP level 4. HP: 32/36 MP: 4/5
  1969 | D:3      | Noticed Robin
  2015 | D:3      | Killed Robin
  2272 | D:3      | Noticed Sigmund
  2307 | D:3      | Slain by Sigmund

Action                   |  1- 3 |  4- 6 || total
-------------------------+-------+-------++-------
Melee: Unarmed           |   149 |    69 ||   218
 Cast: Beastly Appendage |    16 |     5 ||    21
       Sticks to Snakes  |       |     3 ||     3
  Use: Potion            |     3 |       ||     3
       Scroll            |       |     4 ||     4
  Eat: Chunk             |     2 |     2 ||     4
